 Dungeon Crawl Stone Soup version 0.32-a0-12-g7fc57aa741 (webtiles) character file.

Game seed: 10881120192718801536

1279 croobank the Caller (level 8, -3/36 HPs)
             Began as a Felid Necromancer on Jan 14, 2024.
             Was an Initiate of Kikubaaqudgha.
             Slain by a hornet (8 damage)
             ... while paralysed by a hornet
             ... on level 6 of the Dungeon.
             The game lasted 00:33:51 (6369 turns).

croobank the Caller (Felid Necromancer)             Turns: 6369, Time: 00:33:51

Health: -3/36      AC:  2    Str:  4    XL:     8   Next: 29%
Magic:  10/15      EV:  4    Int: 21    God:    Kikubaaqudgha [......]
Gold:   1525       SH:  0    Dex: 17    Spells: 8/16 levels left
                                        Lives:  0   Deaths: 3

rFire   + . .        (weapon unavailable)
rCold   + . .        (shield unavailable)
rNeg    . . .        (body armour unavailable)
rPois   +            (helmet unavailable)
rElec   +            (cloak unavailable)
rCorr   +            (gloves unavailable)
SInv    +            (boots unavailable)
Will    +....        i - amulet of regeneration
Stlth   +++          (no ring)
HPRegen 1.06/turn    (no ring)
MPRegen 0.14/turn

%: no passive effects
@: paralysed, mighty, resistant, animating dead, unable to call your familiar,
slowed
A: very small, claws 1, fangs 3, see invisible, shaggy fur 2, stealthy paws, no
weapons or thrown items, no armour, multi-lived
a: Renounce Religion


You were on level 6 of the Dungeon.
You worshipped Kikubaaqudgha.
Kikubaaqudgha was noncommittal.
You visited 2 branches of the dungeon, and saw 7 of its levels.

You collected 1525 gold pieces.

Inventory:

Jewellery
 i - an amulet of regeneration (around neck)
Talismans
 a - a serpent talisman
Wands
 h - a wand of flame (8)
Potions
 c - a potion of mutation
 n - 2 potions of might


   Skills:
 - Level 5.0 Dodging
 - Level 5.5 Stealth
 - Level 4.6 Spellcasting
 + Level 6.4 Summonings
 - Level 5.4 Necromancy


You had 8 spell levels left.
You knew the following spells:

 Your Spells              Type           Power      Damage    Failure   Level
a - Necrotise             Necr           100%       1d9       1%          1
c - Call Canine Familiar  Summ           31%        N/A       2%          3
A - Animate Dead          Necr           27%        N/A       12%         4

Your spell library contained the following spells:

 Spells                   Type           Power      Damage    Failure   Level
 Vampiric Draining        Necr           27%        2d7       3%          3
 Apportation              Tloc           8%         N/A       12%         1
 Jinxbite                 Hex            8%         N/A       17%         2
 Sigil of Binding         Hex            4%         N/A       34%         3
 Curse of Agony           Necr           27%        N/A       34%         5
 Alistair's Intoxication  Alch           2%         N/A       97%         5
 Haunt                    Necr/Summ      14%        N/A       100%        7
 Borgnjor's Revivificati  Necr           13%        N/A       100%        8
 Death's Door             Necr           13%        N/A       100%        9
 Dimensional Bullseye     Hex/Tloc       Unusable   N/A       N/A         4

Dungeon Overview and Level Annotations

Branches:
Dungeon (6/15)             Temple (1/1) D:4

Altars:
Ashenzari
Dithmenos
Elyvilon
Fedhas
Hepliaklqana
Kikubaaqudgha
Makhleb
Nemelex Xobeh
Okawaru
Qazlal
Trog
Vehumet
Wu Jian
Xom
Zin
The Shining One

Shops:
D:6 [

Annotations:
D:2 !Terence, Terence
D:5 1 runed translucent door, pigah's ghost, novice VSNe


Innate Abilities, Weirdness & Mutations

You have sharp claws.
You have razor-sharp teeth.
You have supernaturally acute eyesight. (SInv)
You are covered in thick fur. (AC +2)
Your paws help you pounce on unaware monsters.
You are incapable of wielding weapons or throwing items.
You cannot wear armour.
You gain extra lives every three experience levels.


Message History

You call upon the dead to rise.
Your inugami completely misses the hornet.
The hornet stings your inugami.
Your inugami seems to slow down.
Your inugami hits the hornet but does no damage.
The hornet stings your inugami!
Your inugami dies!
Your inugami disappears in a puff of smoke!
Casting: Animate Dead (quite dangerous; 12% risk of failure)
Confirm with . or Enter, or press ? or * to list all spells.
Okay, then.
Okay, then.
It was a potion of resistance.
You feel protected. The hornet stings you!
Casting: Animate Dead (quite dangerous; 12% risk of failure)
Confirm with . or Enter, or press ? or * to list all spells.
Okay, then.
Aiming: Throw Flame
Press: ? - help, Shift-Dir - straight line, f/p - hornet
Aim: a hornet (moderately wounded, 52% to hit)
Okay, then.
You aren't carrying any scrolls.
It was a potion of might.
You feel very mighty all of a sudden. The hornet misses you.
The hornet completely misses you.
You closely miss the hornet.
The hornet is moderately wounded.
The hornet stings you.
You claw the white imp!
You kill the white imp!
Kikubaaqudgha accepts your kill. The hornet stings you.
You suddenly lose the ability to move!
The hornet stings you. The hornet stings you!
* * * LOW HITPOINT WARNING * * *
You feel yourself slow down. The hornet stings you!
You die...
Kikubaaqudgha rasps: "You have failed me!
Welcome... death!"

#.####.#..............#
.......#..............#
#)####.#.............##
.....###.............#
.[...................#
.))...###............#
......########.##.####
##.........'∩#.y..#
#.........###..@##
#............##.#
##..........#..>.#
............###.##
......#####.###.#
......# #.....#.#
......# #.....#.#
......# #.....#.#
......# #.....#.#


You could see a hornet.

Vanquished Creatures
  A black bear (D:6)
  An orc warrior (D:6)
  2 ogres
  A phantom (D:5)
  A gnoll sergeant (D:5)
  3 scorpions
  A hound (D:6)
  3 orc priests
  A bombardier beetle (D:5)
  A jelly (D:5)
  A sleepcap (D:4)
  Ijyb (D:4)
  An iguana (D:5)
  An orc wizard (D:4)
  7 gnolls
  5 adders
  2 white imps (D:6)
  2 dart slugs (D:5)
  3 ribbon worms (D:2)
  17 orcs
  4 endoplasms
  5 giant cockroaches
  3 goblins (D:1)
  7 hobgoblins
  2 jackals (D:2)
  6 kobolds
  4 quokkas
  7 ball pythons
  4 bats
  4 frilled lizards
  10 rats
111 creatures vanquished.

Vanquished Creatures (collateral kills)
  An orc priest (D:5)
  An orc wizard (D:4)
  2 gnolls
  A white imp (D:6)
  2 ufetubi (D:6)
  3 orcs
  A frilled lizard (D:2)
  A rat (D:3)
12 creatures vanquished.

Vanquished Creatures (others)
  A black bear zombie (D:6)
  A hound zombie (D:6)
  An iguana zombie (D:5)
  3 gnoll zombies (D:4)
  A hobgoblin zombie (D:4)
  A kobold zombie (D:3)
  6 orc zombies
14 creatures vanquished.

Grand Total: 137 creatures vanquished

Notes
Turn   | Place    | Note
-------+----------+-------------------------------------------
     0 | D:1      | croobank the Felid Necromancer began the quest for the Orb.
     0 | D:1      | Reached XP level 1. HP: 9/9 MP: 4/4
   256 | D:1      | Reached XP level 2. HP: 13/13 MP: 3/6
  1131 | D:2      | Reached XP level 3. HP: 16/16 MP: 5/7
  1197 | D:2      | Noticed Terence
  1777 | D:2      | Reached XP level 4. HP: 19/21 MP: 6/9
  1777 | D:2      | Gained a life (2 lives remaining)
  2166 | D:3      | Learned a level 4 spell: Animate Dead
  2195 | D:3      | Found a burning altar of Makhleb.
  2195 | D:3      | Found a white marble altar of Elyvilon.
  2376 | D:3      | Found a bloodstained altar of Trog.
  2874 | D:4      | Noticed a scorpion
  2881 | D:4      | Killed a scorpion
  2882 | D:4      | Reached XP level 5. HP: 24/24 MP: 5/10
  2887 | D:4      | Noticed Ijyb
  2934 | D:4      | Killed Ijyb
  3105 | D:4      | Found a staircase to the Ecumenical Temple.
  3117 | D:4      | Reached skill level 5 in Necromancy
  3422 | D:4      | Gained mutation: You are covered in thick fur. (AC +2)
                  | [Felid growth]
  3422 | D:4      | Reached XP level 6. HP: 26/28 MP: 7/12
  3450 | D:4      | Slain by an orc priest
  3450 | D:4      | Lost a life (1 life remaining)
  3708 | D:4      | Reached skill level 5 in Stealth
  4072 | D:5      | Entered Level 5 of the Dungeon
  4073 | D:5      | Found a runed translucent door.
  4073 | D:5      | Noticed pigah's ghost (novice VSNe)
  4199 | D:5      | Identified a scroll of acquirement
  4199 | D:5      | Acquired 1223 gold pieces
  4253 | D:5      | Reached skill level 5 in Dodging
  4253 | D:5      | Reached XP level 7. HP: 32/32 MP: 9/14
  4253 | D:5      | Gained a life (2 lives remaining)
  4332 | D:5      | Slain by an ogre
  4332 | D:5      | Lost a life (1 life remaining)
  5119 | D:6      | Learned a level 3 spell: Call Canine Familiar
  5128 | D:6      | Reached skill level 2 in Summonings
  5210 | D:6      | Reached skill level 3 in Summonings
  5336 | D:6      | Found Qalahemi's Antique Armour Shop.
  5373 | D:6      | Reached skill level 4 in Summonings
  5466 | Temple   | Entered the Ecumenical Temple
  5473 | Temple   | Became a worshipper of Kikubaaqudgha
  5655 | D:5      | Reached skill level 5 in Summonings
  5655 | D:5      | Reached XP level 8. HP: 8/36 MP: 1/15
  5915 | D:5      | Found the +7 staff of the Meek {protect, meekguard}
  6135 | D:6      | Noticed a hornet
  6143 | D:6      | Paralysed by a hornet for 2 turns
  6143 | D:6      | Slain by a hornet
  6143 | D:6      | Lost a life (0 lives remaining)
  6215 | D:6      | Found a broken altar of Ashenzari.
  6232 | D:6      | Reached skill level 6 in Summonings
  6367 | D:6      | Paralysed by a hornet for 3 turns
  6369 | D:6      | Slain by a hornet

Illustrated notes

Levels and vault maps discovered:
D:1:      dpeg_arrival_radiant, layout_basic
D:2:      layout_basic, amcnicky_mini_pool_small, hangedman_decor_growths,
          uniq_terence
D:3:      layout_rooms, trog_butcher_becter, amethyst_overflow_temple_binary
D:4:      layout_basic, minmay_temple_entry_grid, uniq_ijyb
D:5:      layout_basic, hellmonk_ghost_happy_afterlife, pf_guarded_unrand_meek
D:6:      layout_basic, ashenzari_conservatory_becter,
          nicolae_ru_great_annihilating_truth, serial_shops,
          nicolae_shop_window_shopping
Temple:   hellmonk_temple_two_chambers

Skill      XL: |  1  2  3  4  5  6  7  8 |
---------------+-------------------------+-----
Dodging        | 3 4 5 |  5.0
Stealth        | 3 4 5 |  5.5
Spellcasting   | 3 4 |  4.6
Necromancy     | 5 |  5.4
Summonings     | 5 6 |  6.4

Action                     |  1- 3 |  4- 6 |  7- 9 || total
---------------------------+-------+-------+-------++-------
  Melee: Unarmed           |     2 |    38 |    23 ||    63
         Bite              |       |     3 |     2 ||     5
   Cast: Necrotise         |    85 |    75 |    74 ||   234
         Animate Dead      |       |     7 |    12 ||    19
         Call Canine Famil |       |       |     5 ||     5
  Evoke: Wand              |       |    13 |    12 ||    25
    Use: Potion            |     1 |     7 |     4 ||    12
         Scroll            |     5 |     9 |     4 ||    18
   Stab: Sleeping          |     1 |     4 |     1 ||     6
         Distracted        |       |     1 |       ||     1
 Armour: Skin              |     8 |    18 |    47 ||    73
  Dodge: Dodged            |    20 |    46 |   104 ||   170

Table legend: (Time is in decaauts)
 A = Elapsed time spent in this place.
 B = Non-inter-level travel time spent in this place.
 C = Inter-level travel time spent in this place.
 D = Time resting spent in this place.
 E = Time spent auto-exploring this place.
 F = Levels seen in this place.
 G = Mean time per level.
                   A        B        C        D        E       F      G
               +--------+--------+--------+--------+--------+-----+--------+
         Total |   6387 |   5896 |    491 |    937 |   3632 |   7 |  912.4 |
       Dungeon |   6373 |   5889 |    484 |    937 |   3632 |   6 | 1062.2 |
        Temple |     13 |      7 |      6 |      0 |      0 |   1 |   13.0 |
               +--------+--------+--------+--------+--------+-----+--------+

Top non-repeatable levels by time:
     D:4: 1550 daAuts
     D:5: 1231 daAuts
     D:2: 1103 daAuts
     D:1: 1048 daAuts
     D:6: 758 daAuts
     D:3: 681 daAuts
  Temple: 13 daAuts
